 Dungeon Crawl Stone Soup version 0.31-a0-236-g9a0961fb85 (webtiles) character file.

Game seed: 1272109372786733918

129 qw the Shooter (level 4, -3/36 HPs)
             Began as a Minotaur Hexslinger on July 10, 2023.
             Slain by Sigmund
             ... wielding a +0 scythe
              (9 damage)
             ... on level 3 of the Dungeon.
             The game lasted 00:01:01 (2767 turns).

qw the Shooter (Minotaur Hexslinger)                Turns: 2767, Time: 00:01:01

Health: -3/36      AC:  7    Str: 12    XL:     4   Next: 88%
Magic:  4/4        EV: 11    Int: 10    God:
Gold:   68         SH:  0    Dex: 15    Spells: 4/5 levels left

rFire   . . .        Y - +1 sling
rCold   . . .        (no shield)
rNeg    . . .        k - +0 ring mail
rPois   .            (helmet restricted)
rElec   .            l - +0 cloak
rCorr   .            h - +0 pair of gloves
SInv    .            (no boots)
Will    .....        (no amulet) Stlth
                     (no ring)
HPRegen 0.26/turn    (no ring)
MPRegen 0.09/turn

%: no passive effects
@: confused
A: horns 2, retaliatory headbutt
a: no special abilities


You were on level 3 of the Dungeon.
You visited 1 branch of the dungeon, and saw 3 of its levels.

You collected 135 gold pieces.
You spent 67 gold pieces at shops.


Innate Abilities, Weirdness & Mutations

You have a pair of horns on your head.
You reflexively headbutt those who attack you in melee.


   Skills:
 - Level 2.0 Fighting
 + Level 4.9 Ranged Weapons
 - Level 2.1 Armour
 - Level 2.1 Dodging
 - Level 1.0 Spellcasting
 - Level 2.0 Hexes


You had 4 spell levels left.
You knew the following spells:

 Your Spells              Type           Power      Damage    Failure   Level
a - Slow                  Hex            16%        N/A       32%         1

Your spell library contained the following spells:

 Spells                   Type           Power      Damage    Failure   Level
 Inner Flame              Hex/Fire       2%         N/A       83%         3
 Portal Projectile        Hex/Tloc       4%         N/A       83%         3
 Cause Fear               Hex            2%         N/A       97%         4

Inventory:

Hand Weapons
 Y - a +1 sling (weapon)
Armour
 e - a +2 cloak
 h - a +0 pair of gloves (worn)
 k - a +0 ring mail (worn)
 l - a +0 cloak (worn)
Scrolls
 a - 4 scrolls of teleportation
 c - a scroll of fog {unknown}
 g - a scroll of identify
Potions
 b - a potion of haste {unknown}
 d - 2 potions of curing
 f - a potion of cancellation
 i - a potion of heal wounds {unknown}
 j - 2 potions of attraction {unknown}
 m - a potion of enlightenment {unknown}
 n - a potion of ambrosia {unknown}
 o - 2 potions of might

Dungeon Overview and Level Annotations

Branches:
Dungeon (3/15)

Altars:
Vehumet

Shops:
D:3 *

Annotations:
D:3 Sigmund


Message History

Sigmund hits you from afar with a +0 scythe.
You shoot a sling bullet. The sling bullet hits Sigmund.
Sigmund is heavily wounded.
Sigmund misses you.
You shoot a sling bullet.
The sling bullet closely misses Sigmund.
Sigmund hits you from afar with a +0 scythe!
You shoot a sling bullet.
The sling bullet closely misses Sigmund.
Sigmund points at you and mumbles some strange words.
You resist with some effort.
You shoot a sling bullet. The sling bullet hits Sigmund.
Sigmund is severely wounded.
Sigmund mumbles some strange words.
Sigmund flickers and vanishes!
Deactivating autopickup; reactivate with Ctrl-A.
You shoot a sling bullet. Something hits you but does no damage.
You shoot a sling bullet.
You hear some strange, mumbled words.
Something tries to affect you, but you resist.
You shoot a sling bullet. Something hits you.
You shoot a sling bullet. Something hits you!
You shoot a sling bullet. Something hits you!
You shoot a sling bullet.
You hear some strange, mumbled words.
You are confused.
You shoot a sling bullet. Something hits you but does no damage.
You shoot a sling bullet. Something hits you but does no damage.
You shoot a sling bullet.
You hear some strange, mumbled words.
You are more confused.
You shoot a sling bullet. Something hits you!
You die...

### ########.#
.........#
########.###############
.....# #.##.....@.{.....
####.# #.##.############
# #.# #.##.# # #.#
#.##.# ####.# #.##.#
.....# #.##.# #.# ######
#.##.# #.# # #.##.# #.#
# #.##.# #.#


There were no monsters in sight!

Vanquished Creatures
  A jelly (D:3)
  3 adders
  2 worms
  A dart slug (D:2)
  6 ball pythons
  6 endoplasms
  3 giant cockroaches (D:1)
  4 goblins
  4 hobgoblins
  8 jackals
  3 quokkas (D:2)
  3 bats
  A frilled lizard (D:1)
  11 kobolds
  7 rats
63 creatures vanquished.

Notes
Turn   | Place    | Note
-------+----------+-------------------------------------------
     0 | D:1      | qw the Minotaur Hexslinger began the quest for the Orb.
     0 | D:1      | Reached XP level 1. HP: 16/16 MP: 1/1
     0 | D:1      | 0 ||| qw: Version: 0.3-a-52-g30416fa
     0 | D:1      | 0 ||| qw: Game counter: 4843
     0 | D:1      | 0 ||| qw: Melee chars always use a shield: true
     0 | D:1      | 0 ||| qw: God list: Okawaru
     0 | D:1      | 0 ||| qw: Allow faded altars: false
     0 | D:1      | 0 ||| qw: Do Orc after clearing Dungeon:15 true
     0 | D:1      | 0 ||| qw: Do second Lair branch before Depths: true
     0 | D:1      | 0 ||| qw: Lair rune preference: random
     0 | D:1      | 0 ||| qw: Goals: Normal
     0 | D:1      | 0 ||| PLANNING D:1-11
    77 | D:1      | Reached skill level 3 in Ranged Weapons
    77 | D:1      | Reached XP level 2. HP: 16/23 MP: 2/2
   283 | D:1      | 283 ||| FLEEEEING.
   284 | D:1      | 284 ||| FLEEEEING.
   359 | D:1      | Reached XP level 3. HP: 25/29 MP: 3/3
   730 | D:1      | 730 ||| UPGRADING to +0 pair of gloves.
   735 | D:1      | 735 ||| READING 2 scrolls labelled HUETA POFITON.
   738 | D:1      | 738 ||| READING 2 scrolls labelled QAGHUU USUUWN.
   739 | D:1      | 739 ||| DROPPING scroll of poison.
   762 | D:2      | 762 ||| STAIRDANCE
   791 | D:2      | 791 ||| STAIRDANCE
   859 | D:2      | Found a faded altar of an unknown god.
   868 | D:2      | Reached skill level 4 in Ranged Weapons
  1251 | D:2      | Reached XP level 4. HP: 36/36 MP: 4/4
  1562 | D:2      | 1562 ||| UPGRADING to +0 ring mail.
  1572 | D:2      | 1572 ||| DROPPING +0 robe.
  1573 | D:2      | 1573 ||| UPGRADING to +0 cloak.
  1578 | D:2      | 1578 ||| DROPPING ring of wizardry.
  1579 | D:2      | 1579 ||| READING scroll labelled QOOTIO CIJUWKELOCK.
  1580 | D:2      | 1580 ||| READING scroll labelled BISOXAROXT.
  1681 | D:2      | 1681 ||| READING scroll labelled WUUCKUNNULUC.
  1682 | D:2      | 1682 ||| READING scroll labelled VESABA ADWITA.
  1683 | D:2      | 1683 ||| DRINKING 2 lumpy white potions.
  1684 | D:2      | 1684 ||| DRINKING 2 fuming purple potions.
  1685 | D:2      | 1685 ||| READING 3 scrolls of identify.
  1685 | D:2      | 1685 ||| IDENTIFYING bubbling blue potion
  1686 | D:2      | 1686 ||| READING 2 scrolls of identify.
  1686 | D:2      | 1686 ||| IDENTIFYING emerald potion
  1687 | D:2      | 1687 ||| DROPPING potion of brilliance.
  2222 | D:3      | Found Xasu's Assorted Antiques.
  2227 | D:3      | 2227 ||| BUYING 2 metallic yellow potions (45 gold).
  2227 | D:3      | Bought 2 metallic yellow potions for 45 gold pieces
  2227 | D:3      | 2227 ||| SHOPLISTING 2 potions of cancellation (400 gold,
                  | have 59).
  2227 | D:3      | 2227 ||| BUYING lumpy amethyst potion (22 gold).
  2227 | D:3      | Bought a lumpy amethyst potion for 22 gold pieces
  2227 | D:3      | 2227 ||| SHOPLISTING runed hat (175 gold, have 37).
  2227 | D:3      | 2227 ||| SHOPLISTING thin golden amulet (125 gold, have
                  | 37).
  2337 | D:3      | Found a radiant altar of Vehumet.
  2748 | D:3      | Noticed Sigmund
  2762 | D:3      | HP: 5/36 [something (10)]
  2767 | D:3      | Slain by Sigmund

Levels and vault maps discovered:
D:1:      ebering_hopf_link, layout_basic
D:2:      layout_loops_ring, basic_ecumenical_altar, serial_forest,
          infiniplex_forest_lined_3_way, infiniplex_forest_straight_2,
          infiniplex_forest_zigzag_1, infiniplex_forest_clump_C,
          infiniplex_forest_lined_corner, infiniplex_forest_clump_small,
          infiniplex_forest_clump_medium, infiniplex_forest_lined_corner,
          infiniplex_forest_zigzag_2
D:3:      layout_basic, mainiacjoe_overflow_brackets, serial_shops,
          nicolae_shop_tiny_real_fake_doors, kennysheep_cluttered_room,
          dk_vineyard_2, minivault_14, due_unseen_surprise, uniq_sigmund

Skill      XL: |  1  2  3  4 |
---------------+-------------+-----
Ranged Weapons | 3 4 |  4.9
Fighting       | 2 |  2.0
Armour         | 2 |  2.1
Dodging        | |  2.1
Spellcasting   | |  1.0
Hexes          | |  2.0

Action                     |  1- 3 |  4- 6 || total
---------------------------+-------+-------++-------
   Fire: Sling             |   174 |    53 ||   227
    Use: Scroll            |     2 |     6 ||     8
         Potion            |       |     2 ||     2
 Armour: Robe              |    16 |       ||    16
         Ring mail         |       |     6 ||     6
  Dodge: Dodged            |    45 |     3 ||    48

Table legend:
 A = Non-vault XP
 B = Vault XP
 C = Vault XP percentage of total XP
 D = Non-vault monster count
 E = Vault monster count
 F = Vault count percentage of total count
                 A         B        C        D         E       F
            +---------+---------+-------+---------+---------+-------
      Total |     185 |       0 |   0.0 |      63 |       0 |   0.0
            +---------+---------+-------+---------+---------+-------
        D:1 |      52 |       0 |   0.0 |      29 |       0 |   0.0
        D:2 |      55 |       0 |   0.0 |      25 |       0 |   0.0
        D:3 |      78 |       0 |   0.0 |       9 |       0 |   0.0
            +---------+---------+-------+---------+---------+-------
